 Dungeon Crawl Stone Soup version 0.29-a0-775-g4d7333d4e2 (webtiles) character file.

Game seed: 13209303050551983280

415 wilfster70 the Chiller (level 6, 0/44 HPs)
             Began as a Gnoll Ice Elementalist on July 1, 2022.
             Splashed by a jelly's acid (9 damage)
             ... in a sewer.
             The game lasted 00:10:16 (3687 turns).

wilfster70 the Chiller (Gnoll Ice Elementalist)     Turns: 3687, Time: 00:10:17

Health: 0/44       AC: -3    Str:  8    XL:     6   Next: 91%
Magic:  13/14      EV: 13    Int: 16    God:
Gold:   143        SH:  0    Dex: 12    Spells: 9/16 levels left

rFire   . . .      SeeInvis .   a - +0 dagger (flame)
rCold   . . .      Faith    .   (no shield)
rNeg    . . .      Spirit   .   e - +0 robe
rPois   .          Reflect  .   k - +0 helmet
rElec   .          Harm     .   g - +0 cloak
rCorr   .          Rampage  .   (no gloves)
Will    .....                   (no boots)
Stlth   +++.......              q - amulet of magic regeneration
HPRegen 0.14/turn               (no ring)
MPRegen 0.54/turn               (no ring)

@: corroded, freezing walls
A: fangs 1, strong nose, distributed training
a: no special abilities


You were in a sewer.
You visited 1 branch of the dungeon, and saw 3 of its levels.
You also visited: Sewer.

You collected 143 gold pieces.

Inventory:

Hand Weapons
 a - a +0 dagger of flaming (weapon)
 b - a +1 spear
 p - a +3 dagger of holy wrath
Armour
 c - a +0 kite shield
 e - a +0 robe (worn)
 g - a +0 cloak (worn)
 k - a +0 helmet (worn)
Magical Staves
 l - a staff of cold
Jewellery
 q - an amulet of magic regeneration (around neck)
Wands
 m - a wand of polymorph (3)
Scrolls
 d - a scroll of torment {unknown}
 i - a scroll of enchant armour
 n - a scroll of blinking
 u - a scroll of amnesia {unknown}
Potions
 f - a potion of mutation
 h - a potion of curing
 j - 2 potions of magic
 o - a potion of brilliance
 s - a potion of haste {unknown}
 t - 2 potions of might


   Skills:
 + Level 2.2 Fighting
 + Level 2.2 Short Blades
 + Level 2.2 Long Blades
 + Level 2.2 Axes
 + Level 2.2 Maces & Flails
 + Level 2.2 Polearms
 + Level 2.2 Staves
 + Level 2.2 Ranged Weapons
 + Level 2.2 Throwing
 + Level 2.2 Armour
 + Level 5.1 Dodging
 + Level 4.7 Stealth
 + Level 2.2 Shields
 + Level 2.2 Unarmed Combat
 + Level 5.5 Spellcasting
 + Level 1.8 Conjurations
 + Level 1.8 Hexes
 + Level 1.8 Summonings
 + Level 1.8 Necromancy
 + Level 1.8 Translocations
 + Level 1.8 Transmutations
 + Level 1.8 Fire Magic
 + Level 7.3 Ice Magic
 + Level 1.8 Air Magic
 + Level 1.8 Earth Magic
 + Level 1.8 Poison Magic
 + Level 2.5 Invocations
 + Level 2.2 Evocations


You had 9 spell levels left.
You knew the following spells:

 Your Spells              Type           Power      Damage    Failure   Level
a - Freeze                Ice            100%       1d11      1%          1
b - Frozen Ramparts       Ice            56%        1d7       1%          3
c - Ozocubu's Armour      Ice            28%        N/A       1%          3

Your spell library contained the following spells:

 Spells                   Type           Power      Damage    Failure   Level
 Static Discharge         Conj/Air       10%        3-5/arc   11%         2
 Sublimation of Blood     Necr           10%        N/A       11%         2
 Wereblood                Tmut           10%        N/A       11%         2
 Hailstorm                Conj/Ice       19%        3d6       22%         4
 Dispel Undead            Necr           10%        3d9       56%         4
 Sticky Flame             Conj/Fire      10%        2d3       56%         4
 Summon Hydra             Summ           5%         N/A       100%        7


Dungeon Overview and Level Annotations

Branches:
Dungeon (3/15)              Sewer (1/1)

Altars:

Shops:
D:2 :


Innate Abilities, Weirdness & Mutations

You have very sharp teeth.
Your uncanny sense of smell can sniff out nearby items.
Your experience applies equally to all skills.


Message History

You kill the jelly!
The frozen ramparts melt away as you move.
You enter the shallow water.
Moving in this stuff is going to be slow.
You enter the shallow water.
Moving in this stuff is going to be slow.
t - 2 emerald potions
r - a scroll of identify;
u - a scroll labelled GOIKKO XAADGHAA
As you read the scroll of identify, it crumbles to dust.
t - 2 potions of might A jelly comes into view.
A jelly comes into view.
Found a pink potion.
The jelly quivers.
The jelly quivers.
The jelly hits you but does no damage. The jelly misses you.
Casting: Frozen Ramparts (safe; 1% risk of failure)
Confirm with . or Enter, or press ? or * to list all spells.
Casting: Frozen Ramparts (safe; 1% risk of failure)
Press: ? - help, Dir - look around, f - activate The walls around you are covered in ice.
The wall freezes the jelly.
The jelly misses you.
You barely miss the jelly.
The jelly is moderately wounded.
The wall freezes the jelly.
The jelly hits you. The acid corrodes you!
You are splashed with acid!
You hit the jelly but do no damage.
Your hands burn!
The jelly is moderately wounded.
The wall freezes the jelly.
The jelly hits you.
You are splashed with acid!
You barely miss the jelly.
The jelly is severely wounded.
You hit the jelly but do no damage. The acid corrodes you!
Your hands burn!
* * * LOW HITPOINT WARNING * * *
You bite the jelly, but do no damage.
The jelly is severely wounded.
The wall freezes the jelly.
The jelly hits you.
* * * LOW HITPOINT WARNING * * *
The acid corrodes you!
You are splashed with acid!
You die...

!≈..
#..≈##..≈.≈.≈≈##.≈≈#
∆..≈≈
##∩...≈≈.≈≈#≈≈≈#...#
#.≈#
##≈≈.≈#..≈##≈....##
#≈≈.#
######.≈####≈≈≈##
#≈≈.≈#######≈≈≈#
##### #.≈.≈≈#≈.≈≈.##
##≈..≈≈.≈.≈##
###..J≈.### ##.J@##
#####


You could see 2 jellies.

Vanquished Creatures
  An ice beast (D:3)
  2 jellies (Sewer)
  Natasha (thrice) (D:2)
  Terence (D:2)
  Robin (D:2)
  3 gnolls (D:2)
  5 adders
  A river rat (D:3)
  A worm (D:3)
  5 ball pythons
  11 endoplasms
  5 giant cockroaches
  11 goblins
  7 hobgoblins
  A quokka (D:1)
  4 bats
  4 frilled lizards
  3 kobolds
  7 rats
76 creatures vanquished.

Notes
Turn   | Place    | Note
-------+----------+-------------------------------------------
     0 | D:1      | wilfster70 the Gnoll Ice Elementalist began the quest for
                  | the Orb.
     0 | D:1      | Reached XP level 1. HP: 13/13 MP: 6/6
   432 | D:1      | Found a faded altar of an unknown god.
   521 | D:1      | Reached XP level 2. HP: 14/19 MP: 4/7
  1033 | D:2      | Noticed Natasha
  1044 | D:2      | Killed Natasha
  1045 | D:2      | Reached skill level 5 in Spellcasting
  1045 | D:2      | Reached skill level 1 in Invocations
  1045 | D:2      | Reached XP level 3. HP: 19/25 MP: 1/9
  1110 | D:2      | Learned a level 3 spell: Frozen Ramparts
  1114 | D:2      | Learned a level 3 spell: Ozocubu's Armour
  1170 | D:2      | Noticed Natasha
  1199 | D:2      | Killed Natasha
  1200 | D:2      | Reached skill level 1 in Fighting
  1200 | D:2      | Reached skill level 1 in Short Blades
  1200 | D:2      | Reached skill level 1 in Long Blades
  1200 | D:2      | Reached skill level 1 in Axes
  1200 | D:2      | Reached skill level 1 in Maces & Flails
  1200 | D:2      | Reached skill level 1 in Polearms
  1200 | D:2      | Reached skill level 1 in Staves
  1200 | D:2      | Reached skill level 1 in Ranged Weapons
  1200 | D:2      | Reached skill level 1 in Throwing
  1200 | D:2      | Reached skill level 1 in Armour
  1200 | D:2      | Reached skill level 1 in Shields
  1200 | D:2      | Reached skill level 1 in Unarmed Combat
  1200 | D:2      | Reached skill level 1 in Evocations
  1200 | D:2      | Reached XP level 4. HP: 29/32 MP: 7/11
  1228 | D:2      | Noticed Terence
  1433 | D:2      | Reached skill level 1 in Conjurations
  1433 | D:2      | Reached skill level 1 in Hexes
  1433 | D:2      | Reached skill level 1 in Summonings
  1433 | D:2      | Reached skill level 1 in Necromancy
  1433 | D:2      | Reached skill level 1 in Translocations
  1433 | D:2      | Reached skill level 1 in Transmutations
  1433 | D:2      | Reached skill level 1 in Fire Magic
  1433 | D:2      | Reached skill level 1 in Air Magic
  1433 | D:2      | Reached skill level 1 in Earth Magic
  1433 | D:2      | Reached skill level 1 in Poison Magic
  1501 | D:2      | Noticed Natasha
  1845 | D:2      | Noticed Robin
  1856 | D:2      | Killed Robin
  2043 | D:2      | Found Raehokho's Book Emporium.
  2161 | D:2      | Reached XP level 5. HP: 37/37 MP: 8/12
  2192 | D:2      | Killed Natasha
  2287 | D:2      | Killed Terence
  2662 | D:3      | Noticed an ice beast
  2726 | D:3      | Killed an ice beast
  2727 | D:3      | Reached skill level 5 in Dodging
  2727 | D:3      | Reached XP level 6. HP: 28/44 MP: 10/14
  3007 | D:3      | Found a glowing drain.
  3012 | Sewer    | Entered a sewer
  3687 | Sewer    | Splashed by a jelly's acid

Illustrated notes

Levels and vault maps discovered:
D:1:      matt_arrival_grand_opening, layout_basic,
          chequers_ecumenical_altar_twisty, nicolae_titane
D:2:      layout_basic, serial_shops, shop, uniq_natasha, uniq_terence,
          uniq_robin
D:3:      cheibrodos_pilgrimage, layout_loops_corners, gup_sewer_entry_bowl
Sewer:    sewer_hellmonk_slimy_pipes

Skill      XL: |  1  2  3  4  5 |
---------------+----------------+-----
Spellcasting   | 5 |  5.5
Invocations    | 1 2 |  2.5
Fighting       | 1 2 |  2.2
Short Blades   | 1 2 |  2.2
Long Blades    | 1 2 |  2.2
Axes           | 1 2 |  2.2
Maces & Flails | 1 2 |  2.2
Polearms       | 1 2 |  2.2
Staves         | 1 2 |  2.2
Ranged Weapons | 1 2 |  2.2
Throwing       | 1 2 |  2.2
Armour         | 1 2 |  2.2
Shields        | 1 2 |  2.2
Unarmed Combat | 1 2 |  2.2
Evocations     | 1 2 |  2.2
Conjurations   | 1 |  1.8
Hexes          | 1 |  1.8
Summonings     | 1 |  1.8
Necromancy     | 1 |  1.8
Translocations | 1 |  1.8
Transmutations | 1 |  1.8
Fire Magic     | 1 |  1.8
Air Magic      | 1 |  1.8
Earth Magic    | 1 |  1.8
Poison Magic   | 1 |  1.8
Dodging        | 5 |  5.1
Stealth        | |  4.7
Ice Magic      | |  7.3

Action                   |  1- 3 |  4- 6 || total
-------------------------+-------+-------++-------
Melee: Unarmed           |     1 |       ||     1
       Dagger            |     5 |   115 ||   120
       Spear             |       |    23 ||    23
       Bite              |       |    16 ||    16
       Staff             |       |    16 ||    16
       Punch             |       |     2 ||     2
 Cast: Freeze            |    21 |     1 ||    22
       Frozen Ramparts   |     2 |    23 ||    25
       Ozocubu's Armour  |       |     2 ||     2
  Use: Scroll            |     3 |     7 ||    10
 Stab: Sleeping          |       |     1 ||     1
Armor: Robe              |     1 |    48 ||    49
       Skin              |       |     1 ||     1
Dodge: Dodged            |    15 |    98 ||   113

Table legend: (Time is in decaauts)
 A = Elapsed time spent in this place.
 B = Non-inter-level travel time spent in this place.
 C = Inter-level travel time spent in this place.
 D = Time resting spent in this place.
 E = Time spent auto-exploring this place.
 F = Levels seen in this place.
 G = Mean time per level.
                   A        B        C        D        E       F      G
               +--------+--------+--------+--------+--------+-----+--------+
         Total |   3753 |   3624 |    129 |   1037 |   1217 |   4 |  938.2 |
       Dungeon |   3049 |   2920 |    129 |    633 |   1214 |   3 | 1016.3 |
         Sewer |    703 |    703 |      0 |    404 |      3 |   1 |  703.0 |
               +--------+--------+--------+--------+--------+-----+--------+

Top non-repeatable levels by time:
     D:2: 1330 daAuts
     D:1: 1278 daAuts
   Sewer: 703 daAuts
     D:3: 441 daAuts
